[Event "Titled Tuesday Blitz March 07 Late 2023"]
[White "Gerzhoy, Leonid"]
[Black "Kamsky, Gata"]
[WhiteFideId "2806126"]
[BlackFideId "2000024"]
[WhiteElo "2596"]
[BlackElo "2666"]
[Result "0-1"]
[Round "02"]
[TimeControl "180+2"]
[Date "2023.03.07"]
[WhiteClock "0:00:19"]
[BlackClock "0:01:01"]

1. d4 Nf6 2. Nf3 g6 3. Bg5 Bg7 4. Nbd2 d5 5. e3 O-O 6. Bd3 c5 7. c3 cxd4 8. exd4 Nc6 9. O-O Bg4 10. h3 Bxf3 11. Nxf3 e6 12. Ne5 Qc7 13. f4 Ne4 14. Bxe4 dxe4 15. Qe2 f6 16. Nxc6 Qxc6 17. Bh4 f5 18. Bf2 a6 19. Be3 Rac8 20. Rac1 Rfd8 21. Rfd1 h5 22. c4 Qa4 23. b3 Qa5 24. Rc2 Rd7 25. d5 exd5 26. cxd5 Rxc2 27. Qxc2 Rc7 28. Qe2 Qb5 29. Qxb5 axb5 30. d6 Rd7 31. Rd5 b4 32. Bd2 Bc3 33. Kf2 Kf7 34. Bxc3 bxc3 35. Ke3 b6 36. Rd4 b5 37. Rd5 b4 38. Rd4 Ke6 39. Rxb4 Rxd6 40. Rc4 Rd3+ 41. Ke2 Rd2+ 42. Ke3 Rxg2 43. Rxc3 Rxa2 44. Rc6+ Kf7 45. Rc7+ Kf6 46. Rc6+ Kg7 47. Rc7+ Kh6 48. Rc3 h4 49. Kd4 Rd2+ 50. Ke5 Rd3 0-1


[Site "https://www.chess.com"]

[Event "Titled Tuesday Blitz March 07 Late 2023"]
[White "Karttunen, Mika"]
[Black "Licznerski, Lukasz"]
[WhiteFideId "502081"]
[BlackFideId "1179250"]
[WhiteElo "2396"]
[BlackElo "2450"]
[Result "1/2-1/2"]
[Round "02"]
[TimeControl "180+2"]
[Date "2023.03.07"]
[WhiteClock "0:00:06"]
[BlackClock "0:00:05"]

1. e4 c6 2. d4 d5 3. e5 Bf5 4. h4 h5 5. Bd3 Bxd3 6. Qxd3 Qa5+ 7. Bd2 Qa6 8. e6 Qxd3 9. exf7+ Kxf7 10. cxd3 Nd7 11. Nf3 e6 12. Ng5+ Kf6 13. Bc3 Nh6 14. Nd2 Nf7 15. Nxf7 Kxf7 16. Nf3 Be7 17. O-O Bf6 18. Rae1 Rhe8 19. Re3 a5 20. Rfe1 a4 21. a3 b6 22. g3 c5 23. Kg2 Rac8 24. Ng5+ Bxg5 25. hxg5 Nb8 26. dxc5 bxc5 27. Be5 Nc6 28. f4 Nxe5 29. Rxe5 g6 30. R1e2 Rc6 31. Kf3 Rb8 32. g4 Rb3 33. Rd2 c4 34. gxh5 gxh5 35. Ke3 cxd3 36. f5 exf5 37. Rxf5+ Kg6 38. Rxd5 Re6+ 39. Kd4 Reb6 40. Rxd3 Rxd3+ 41. Kxd3 Rxb2 42. Ra5 Rb3+ 43. Ke4 Rxa3 44. Kf4 Ra1 45. Ra6+ Kg7 46. Ra7+ Kf8 47. Ra8+ Ke7 48. Ra7+ Kd6 49. g6 Rg1 50. Kf5 Rg4 51. g7 Kc5 52. Kf6 Kb4 53. Ra8 a3 54. g8=Q Rxg8 55. Rxg8 a2 56. Ra8 Kb3 57. Kg5 Kb2 58. Kxh5 a1=Q 59. Rxa1 Kxa1 1/2-1/2


[Site "https://www.chess.com"]

[Event "Titled Tuesday Blitz March 07 Late 2023"]
[White "Vazquez, Guillermo"]
[Black "Jimenez Almeida, Luis David"]
[WhiteFideId "3702308"]
[BlackFideId "22242244"]
[WhiteElo "2543"]
[BlackElo "2245"]
[Result "1-0"]
[Round "02"]
[TimeControl "180+2"]
[Date "2023.03.07"]
[WhiteClock "0:00:13"]
[BlackClock "0:00:05"]

1. b3 Nf6 2. Bb2 d5 3. Nf3 Bg4 4. e3 e6 5. h3 Bh5 6. d3 c6 7. Nbd2 a5 8. a3 Nbd7 9. Be2 Be7 10. g4 Bg6 11. g5 Nh5 12. Nh2 Bxg5 13. Bxh5 O-O 14. Bxg6 hxg6 15. O-O e5 16. Kh1 a4 17. b4 Qe7 18. Rg1 Bh4 19. Qe2 Qe6 20. Rg4 Be7 21. Rag1 Nf6 22. R4g3 c5 23. bxc5 Bxc5 24. Nhf3 Bd6 25. Ng5 Qd7 26. R3g2 Rac8 27. Ndf3 Qc7 28. c4 dxc4 29. dxc4 Rfe8 30. Nd2 Qe7 31. Nde4 Nxe4 32. Nxe4 Bxa3 33. Bxa3 Qxa3 34. c5 Qb4 35. Nd6 Qxc5 36. Nxe8 Rxe8 37. Qa2 Qc6 38. Kh2 Re6 39. Rb1 b5 40. Qb2 Rf6 41. Qxb5 Qe6 42. Qxa4 e4 43. Rb8+ Kh7 44. Qe8 Qd6+ 45. Kh1 Qd1+ 46. Rg1 Qf3+ 47. Kh2 g5 48. Rxg5 Kh6 49. Rg2 Rg6 50. Qh8# 1-0


[Site "https://www.chess.com"]

[Event "Titled Tuesday Blitz March 07 Late 2023"]
[White "Petukhov, Dmitry"]
[Black "Fressinet, Laurent"]
[WhiteFideId "4142748"]
[BlackFideId "608742"]
[WhiteElo "2311"]
[BlackElo "2633"]
[Result "1-0"]
[Round "02"]
[TimeControl "180+2"]
[Date "2023.03.07"]
[WhiteClock "0:00:19"]
[BlackClock "0:00:01"]

1. e4 c5 2. c3 Nf6 3. e5 Nd5 4. d4 cxd4 5. Nf3 Nc6 6. Bc4 Nb6 7. Bb3 g6 8. cxd4 d5 9. h3 Bg7 10. O-O O-O 11. Nc3 f6 12. exf6 exf6 13. Re1 Kh8 14. Bf4 g5 15. Bg3 g4 16. hxg4 Bxg4 17. Qd3 Bxf3 18. Qxf3 Nxd4 19. Qd3 Nxb3 20. axb3 Qd7 21. Rad1 Rad8 22. Ne2 f5 23. Nf4 Rfe8 24. Nh5 Bxb2 25. Bh4 Rxe1+ 26. Rxe1 Re8 27. Re2 Qf7 28. Qxf5 Rf8 29. Qxf7 Rxf7 30. Rxb2 Rf5 31. Ng3 Rf4 32. Bg5 Rb4 33. Be7 Rb5 34. b4 Kg8 35. Bc5 Na4 36. Ra2 Nxc5 37. bxc5 a5 38. Rc2 a4 39. c6 bxc6 40. Rxc6 Ra5 41. Rc2 a3 42. Ra2 d4 43. Ne4 d3 44. Nd2 Kf7 45. Nc4 Rc5 46. Rxa3 Rxc4 47. Rxd3 Rc1+ 48. Kh2 Rc2 49. Rf3+ Kg6 50. Rg3+ Kf6 51. f3 h6 52. Kh3 Rc1 53. Rg4 Rh1+ 54. Kg3 Rc1 55. Rh4 Kg6 56. Rd4 Kh7 57. Rd7+ Kg6 58. Rd6+ Kg7 59. Kg4 Rc2 60. g3 Rc4+ 61. f4 Ra4 62. Rd5 Ra6 63. Kh5 Ra3 64. Rd7+ 1-0


[Site "https://www.chess.com"]

[Event "Titled Tuesday Blitz March 07 Late 2023"]
[White "Keymer, Vincent"]
[Black "Kanakaris, Georgios"]
[WhiteFideId "12940690"]
[BlackFideId "4209460"]
[WhiteElo "2651"]
[BlackElo "2291"]
[Result "1-0"]
[Round "02"]
[TimeControl "180+2"]
[Date "2023.03.07"]
[WhiteClock "0:00:02"]
[BlackClock "0:00:05"]

1. a3 g6 2. Nf3 Bg7 3. c4 Nc6 4. d4 d6 5. e3 Nf6 6. b4 O-O 7. Bb2 a5 8. b5 Nb8 9. Be2 b6 10. O-O Bb7 11. Nc3 Nbd7 12. Na4 Ne4 13. Qc2 e6 14. Rfd1 f5 15. c5 bxc5 16. Rac1 Bd5 17. Nd2 Nxd2 18. Rxd2 cxd4 19. Bxd4 Bxd4 20. Rxd4 Rc8 21. Bc4 Nb6 22. Bxd5 Nxd5 23. Qb3 Qd7 24. Nc3 Nxc3 25. Rxc3 Rb8 26. a4 Rf7 27. Rdc4 c5 28. Qd1 Qe7 29. Rd3 Rb6 30. h3 d5 31. Rc2 c4 32. Rd4 Qc5 33. Qd2 Rd7 34. Rdxc4 dxc4 35. Qxd7 Rd6 36. Rxc4 Qe5 37. Rc8# 1-0


[Site "https://www.chess.com"]

[Event "Titled Tuesday Blitz March 07 Late 2023"]
[White "Paszewski, Mateusz"]
[Black "Indjic, Aleksandar"]
[WhiteFideId "1141058"]
[BlackFideId "911925"]
[WhiteElo "2223"]
[BlackElo "2614"]
[Result "0-1"]
[Round "02"]
[TimeControl "180+2"]
[Date "2023.03.07"]
[WhiteClock "0:00:05"]
[BlackClock "0:00:48"]

1. d4 Nf6 2. Nf3 e6 3. Bf4 c5 4. e3 cxd4 5. exd4 b6 6. Nbd2 Ba6 7. Bxa6 Nxa6 8. O-O Be7 9. c3 O-O 10. a4 Nc7 11. Re1 d6 12. h3 Rb8 13. Qe2 a6 14. Nc4 Nfd5 15. Bh2 b5 16. Na5 Qd7 17. axb5 axb5 18. Nd2 Ra8 19. Nab3 Qc6 20. Ne4 h6 21. Bg3 f5 22. Ned2 Rxa1 23. Rxa1 Ra8 24. Qe1 Kf7 25. Rxa8 Qxa8 26. Qa1 Qxa1+ 27. Nxa1 f4 28. Bh2 g5 29. Kf1 Nb6 30. b3 d5 31. Ke2 b4 32. c4 e5 33. dxe5 dxc4 34. bxc4 Ke6 35. g3 Kf5 36. gxf4 gxf4 37. Nab3 Ne6 38. Kd3 Nd7 39. f3 Nxe5+ 40. Ke2 Kg5 41. c5 Kh4 42. Bg1 Kxh3 43. Ne4 Kg2 44. Bf2 h5 45. Na5 h4 46. c6 h3 47. Nc5 Nc7 48. Bd4 Nxf3 49. Kd3 h2 0-1


[Site "https://www.chess.com"]

[Event "Titled Tuesday Blitz March 07 Late 2023"]
[White "Rasulov, Vugar"]
[Black "Czernek, Tymon"]
[WhiteFideId "13402390"]
[BlackFideId "1199510"]
[WhiteElo "2509"]
[BlackElo "2156"]
[Result "0-1"]
[Round "02"]
[TimeControl "180+2"]
[Date "2023.03.07"]
[WhiteClock "0:00:08"]
[BlackClock "0:00:09"]

1. d4 d5 2. c4 e6 3. Nc3 Nf6 4. cxd5 exd5 5. Bg5 Be7 6. e3 c6 7. Bd3 Nbd7 8. Qc2 Nf8 9. Nf3 Ne6 10. Bh4 g6 11. Ne5 Nd7 12. Bg3 Ng7 13. O-O-O Nh5 14. Nxd7 Nxg3 15. hxg3 Bxd7 16. e4 dxe4 17. Bxe4 Bf6 18. d5 cxd5 19. Bxd5 Rc8 20. Bxb7 Rc7 21. Rhe1+ Kf8 22. Bd5 Kg7 23. Re3 Bg5 24. f4 Bf6 25. Qb3 Bf5 26. Be4 Qe7 27. Rde1 Bd4 28. R3e2 Qf6 29. Rc2 Rhc8 30. Nd5 Rxc2+ 31. Bxc2 Bxc2 32. Qb7 Qc6 33. Qxc6 Rxc6 34. Nb4 Ba4+ 35. Nxc6 Bxc6 36. Re2 h5 37. b4 Bg1 38. Kb2 Bh2 39. Re3 Kf6 40. Ka3 Bg1 41. Rc3 Bxg2 42. b5 Kf5 43. Kb4 Kg4 44. a4 Bf2 45. a5 Bxg3 46. Rc7 h4 47. Rxa7 h3 48. Rxf7 h2 49. Rh7 Bh4 50. a6 h1=Q 51. a7 Qb1+ 52. Ka5 Be1+ 53. Kb6 Bf2+ 54. Ka6 Qa2# 0-1


[Site "https://www.chess.com"]

[Event "Titled Tuesday Blitz March 07 Late 2023"]
[White "Ismagilov, Damir"]
[Black "Dominguez Perez, Leinier"]
[WhiteFideId "34199982"]
[BlackFideId "3503240"]
[WhiteElo "2078"]
[BlackElo "2647"]
[Result "1-0"]
[Round "02"]
[TimeControl "180+2"]
[Date "2023.03.07"]
[WhiteClock "0:00:02"]
[BlackClock "0:00:01"]

1. d4 d5 2. c4 e6 3. Nc3 Nf6 4. cxd5 exd5 5. Bg5 Bb4 6. e3 h6 7. Bh4 g5 8. Bg3 Ne4 9. Ne2 h5 10. h3 Nc6 11. Bh2 g4 12. Bf4 gxh3 13. gxh3 Qh4 14. Rh2 Rg8 15. a3 Bxc3+ 16. Nxc3 Be6 17. Nxe4 dxe4 18. Qd2 O-O-O 19. O-O-O Bb3 20. Re1 Rg6 21. Qc3 Bd5 22. Bg3 Qe7 23. h4 Kb8 24. Kb1 Rd7 25. Rc1 Nd8 26. Be2 Rc6 27. Qd2 Rxc1+ 28. Qxc1 f5 29. Bxh5 Bg8 30. Be2 Qe6 31. Qc3 Nc6 32. h5 Ne7 33. h6 Qa2+ 34. Kc1 Nd5 35. Qc2 Nb6 36. h7 Bxh7 37. Be5 a6 38. Kd2 Qf7 39. Rg2 Bg6 40. Qc5 Ka7 41. Rg5 Qe6 42. Bf4 c6 43. Rg1 Rd5 44. Qc3 Rd8 45. Qb4 Nd5 46. Qc5+ Ka8 47. Qc4 Rh8 48. Qc5 Qe8 49. Bc4 Bf7 50. Qd6 Nxf4 51. Bxf7 Qxf7 52. Qxf4 Rd8 53. Qe5 Qb3 54. Kc1 Qc4+ 55. Kb1 Qd3+ 56. Ka1 Qc4 57. Qxf5 Qc2 58. Rg7 1-0


[Site "https://www.chess.com"]

[Event "Titled Tuesday Blitz March 07 Late 2023"]
[White "Ibarra Jerez, Jose Carlos"]
[Black "Gubajdullin, Alexei"]
[WhiteFideId "2226332"]
[BlackFideId "4141202"]
[WhiteElo "2638"]
[BlackElo "2267"]
[Result "1-0"]
[Round "02"]
[TimeControl "180+2"]
[Date "2023.03.07"]
[WhiteClock "0:00:30"]
[BlackClock "0:00:05"]

1. e4 g6 2. d4 Bg7 3. Nc3 d6 4. Be3 a6 5. Nf3 b5 6. Bd3 Bb7 7. e5 e6 8. Qe2 h6 9. h4 Ne7 10. Bf4 d5 11. Nd1 Nd7 12. c3 c5 13. Ne3 c4 14. Bc2 Nc6 15. Ng4 b4 16. Qd2 h5 17. Bg5 Qb6 18. Nf6+ Bxf6 19. exf6 a5 20. O-O a4 21. a3 b3 22. Bd1 O-O-O 23. Re1 Kb8 24. Bf4+ Ka8 25. Ng5 Rdf8 26. Bd6 Nxf6 27. Bxf8 Rxf8 28. Qf4 Nd7 29. Qd6 Qd8 30. Bf3 Nf6 31. Qf4 Ne8 32. Nxe6 fxe6 33. Qxf8 Bc8 34. Bxd5 Qxd5 35. Qxe8 Kb8 36. Qxg6 Ka7 37. Qg5 Qd7 38. Qxh5 Bb7 39. Qc5+ Ka8 40. Qxc4 Ne7 41. Qxe6 Qd5 42. Qxd5 Nxd5 43. h5 Nf6 44. h6 Bd5 45. h7 Nxh7 46. Re8+ 1-0


[Site "https://www.chess.com"]

[Event "Titled Tuesday Blitz March 07 Late 2023"]
[White "Arngrimsson, Dagur"]
[Black "Svane, Frederik"]
[WhiteFideId "2301288"]
[BlackFideId "12923044"]
[WhiteElo "2285"]
[BlackElo "2502"]
[Result "0-1"]
[Round "02"]
[TimeControl "180+2"]
[Date "2023.03.07"]
[WhiteClock "0:00:48"]
[BlackClock "0:00:28"]

1. e4 c6 2. d4 d5 3. Nc3 dxe4 4. Nxe4 Nd7 5. Nf3 Ngf6 6. Nxf6+ Nxf6 7. h3 Bf5 8. Bd3 e6 9. Bg5 Be7 10. Qe2 h6 11. Bxf6 Bxf6 12. Bxf5 Qa5+ 13. c3 Qxf5 14. O-O O-O 15. Rfe1 Rfd8 16. Qe4 Qd5 17. Ne5 c5 18. dxc5 Qxc5 19. Ng4 Be7 20. Qxb7 Rab8 21. Qa6 Rxb2 22. Rad1 Rxd1 23. Rxd1 h5 24. Ne3 Bh4 25. g3 Bg5 26. Qc4 Bxe3 27. Rd8+ Kh7 28. Qe4+ g6 29. Qxe3 Qxe3 30. fxe3 Rxa2 31. c4 Kg7 32. c5 Kf6 33. c6 Rc2 34. Ra8 Rxc6 35. Rxa7 Rc2 36. Rd7 Re2 37. Rd3 g5 38. Kf1 Rh2 39. Kg1 Rxh3 40. Kg2 g4 41. Rd4 Ke5 42. Rf4 f5 43. Ra4 h4 44. Ra5+ Kf6 45. gxh4 Rxe3 46. Ra8 Rh3 47. Rf8+ Ke5 48. Re8 Rxh4 0-1


[Site "https://www.chess.com"]

[Event "Titled Tuesday Blitz March 07 Late 2023"]
[White "Martinez Alcantara, Jose Eduardo"]
[Black "Chor, Kevin"]
[WhiteFideId "3805662"]
[BlackFideId "2090740"]
[WhiteElo "2712"]
[BlackElo "2555"]
[Result "1-0"]
[Round "02"]
[TimeControl "180+2"]
[Date "2023.03.07"]
[WhiteClock "0:00:16"]
[BlackClock "0:00:11"]

1. Nf3 c5 2. g3 g6 3. Bg2 Bg7 4. O-O Nc6 5. c4 Nf6 6. Nc3 O-O 7. d3 Rb8 8. Bd2 d6 9. Rb1 a5 10. a3 Ne8 11. Nb5 Nc7 12. Nxc7 Qxc7 13. b4 axb4 14. axb4 cxb4 15. Bxb4 b5 16. cxb5 Nxb4 17. Rxb4 Qc5 18. Qb1 Be6 19. Rc1 Bc3 20. Rb2 Qa3 21. Rbc2 Bf6 22. Nd2 Qa5 23. Bc6 Bg5 24. e3 Qa3 25. Rc3 Qa7 26. d4 Bd7 27. Ne4 Bh6 28. Qd3 Bf5 29. Qc4 Rbc8 30. Nd2 Be6 31. Qd3 Bg7 32. Nf3 Bf5 33. e4 Bg4 34. e5 dxe5 35. Nxe5 Bf5 36. Qe3 Rfd8 37. d5 Qc7 38. f4 Qd6 39. b6 Rb8 40. b7 e6 41. dxe6 Bxe6 42. Bf3 g5 43. Rd3 Qe7 44. Nc6 Rxd3 45. Qxd3 Qc7 46. fxg5 Rxb7 47. Rd1 Qb6+ 48. Kh1 Rd7 49. Qe2 Rxd1+ 50. Qxd1 h6 51. gxh6 Bxh6 52. Ne5 Bg7 53. Nd3 Qe3 54. Nf4 Bf5 55. Bg2 Kh7 56. Qh5+ Kg8 57. Qd1 Be4 58. Qf1 Bd4 59. Bxe4 Qxe4+ 60. Ng2 Qc2 61. Qe1 Qc5 62. Qd1 Qd5 63. Qg4+ Kf8 64. Qd1 Kg7 65. h3 Kf8 66. Kh2 Qe4 67. Qd2 Be5 68. Qh6+ Ke7 69. Qg5+ Bf6 70. Qc5+ Ke6 71. Nf4+ Kd7 72. Qb5+ Ke7 73. Nd5+ Ke6 74. Qc6+ Ke5 75. Qxf6+ Kxd5 76. Qxf7+ Kc5 77. Qa7+ Kb4 78. Qb6+ Kc3 79. Qf2 Qh7 80. h4 Qd3 81. Kg2 Kb4 82. Qf4+ Kb3 83. Kh3 Qc2 84. Kg4 Kb2 85. h5 Qe2+ 86. Kh4 Qc2 87. h6 Qh2+ 88. Kg5 Qc2 89. Qf6+ Kb1 90. Qf5 Ka1 91. h7 Kb1 92. Qxc2+ Ka1 93. Qd2 Kb1 94. Kf4 Ka1 95. Ke4 Kb1 96. Kd3 Ka1 97. Kc3 Kb1 98. Kb3 Ka1 99. Qb2# 1-0


[Site "https://www.chess.com"]

[Event "Titled Tuesday Blitz March 07 Late 2023"]
[White "Klose, Eli"]
[Black "Maksimovic, Bojan"]
[WhiteFideId "16242955"]
[BlackFideId "14408120"]
[WhiteElo "2554"]
[BlackElo "2468"]
[Result "0-1"]
[Round "02"]
[TimeControl "180+2"]
[Date "2023.03.07"]
[WhiteClock "0:00:19"]
[BlackClock "0:00:13"]

1. e4 g6 2. d4 Bg7 3. Nc3 d6 4. Bg5 h6 5. Be3 Nd7 6. Qd2 e5 7. f3 c6 8. a4 Ngf6 9. Bc4 exd4 10. Bxd4 O-O 11. Be3 d5 12. exd5 Nxd5 13. Bxd5 cxd5 14. Nge2 Ne5 15. b3 Nc6 16. Rd1 Re8 17. O-O d4 18. Nxd4 Rxe3 19. Qxe3 Bxd4 20. Rxd4 Qxd4 21. Qxd4 Nxd4 22. Rd1 Nc6 23. Nb5 Bf5 24. c4 Bc2 25. Rd7 Bxb3 26. Rxb7 Bxc4 27. Nd6 Be6 28. Rc7 Ne5 29. a5 Rd8 30. Ne4 a6 31. Nc5 Bc4 32. Nb7 Rd2 33. f4 Ng4 34. g3 Bd5 35. h3 Rd1# 0-1


[Site "https://www.chess.com"]

[Event "Titled Tuesday Blitz March 07 Late 2023"]
[White "Dardha, Daniel"]
[Black "Marra, Eduardo da Costa"]
[WhiteFideId "240990"]
[BlackFideId "2106990"]
[WhiteElo "2581"]
[BlackElo "2252"]
[Result "1-0"]
[Round "02"]
[TimeControl "180+2"]
[Date "2023.03.07"]
[WhiteClock "0:00:20"]
[BlackClock "0:00:09"]

1. b3 c5 2. Bb2 Nc6 3. e4 d6 4. Bb5 Bd7 5. f4 a6 6. Bxc6 Bxc6 7. Nc3 Nf6 8. Qe2 e6 9. O-O-O Be7 10. Nf3 b5 11. e5 dxe5 12. Nxe5 Bb7 13. d3 Qc7 14. Ne4 h6 15. g4 Rf8 16. f5 exf5 17. gxf5 O-O-O 18. Kb1 Nxe4 19. dxe4 Bf6 20. Ng4 Bxb2 21. Kxb2 Rde8 22. Nf2 Re7 23. Rhe1 Rfe8 24. Qg4 f6 25. h3 Qe5+ 26. Kb1 Rd8 27. Nd3 Qc3 28. Qg1 Rc7 29. Nf4 Rxd1+ 30. Rxd1 Bxe4 31. Qf2 Rd7 32. Rxd7 Kxd7 33. Ne6 Bxf5 34. Nxc5+ Kc6 35. Nxa6 Qe5 36. Nb4+ Kc7 37. a3 Qc3 38. Nd5+ Kd6 39. Nxc3 1-0


[Site "https://www.chess.com"]

[Event "Titled Tuesday Blitz March 07 Late 2023"]
[White "Martinez Reyes, Pedro Ramon"]
[Black "Rustemov, Alexander"]
[WhiteFideId "3901807"]
[BlackFideId "4119002"]
[WhiteElo "2340"]
[BlackElo "2866"]
[Result "0-1"]
[Round "02"]
[TimeControl "180+2"]
[Date "2023.03.07"]
[WhiteClock "0:00:12"]
[BlackClock "0:01:26"]

1. Nf3 d5 2. g3 Nf6 3. Bg2 Bf5 4. O-O e6 5. c4 c6 6. d3 dxc4 7. dxc4 Qxd1 8. Rxd1 Bc2 9. Rd2 Bg6 10. Rd1 Na6 11. Nc3 Bb4 12. Bd2 Rd8 13. a3 Be7 14. Be3 Bc5 15. Rxd8+ Kxd8 16. Rd1+ Ke7 17. Bxc5+ Nxc5 18. Ne5 Rc8 19. b4 Ncd7 20. Nxd7 Nxd7 21. c5 a5 22. f4 axb4 23. axb4 Ra8 24. e4 Ra3 25. Rd3 Ra1+ 26. Kf2 f6 27. Rd1 Ra3 28. Rd3 Ra7 29. Bh3 Ra1 30. Bg2 Rc1 31. h4 Rc2+ 32. Kg1 Rb2 33. Rd4 e5 34. Rc4 Bf7 0-1


[Site "https://www.chess.com"]

[Event "Titled Tuesday Blitz March 07 Late 2023"]
[White "Li, Ruifeng"]
[Black "Krallis, Christos"]
[WhiteFideId "2061074"]
[BlackFideId "4298896"]
[WhiteElo "2441"]
[BlackElo "2243"]
[Result "0-1"]
[Round "02"]
[TimeControl "180+2"]
[Date "2023.03.07"]
[WhiteClock "0:00:11"]
[BlackClock "0:00:31"]

1. b3 c5 2. Bb2 Nc6 3. Nf3 Nf6 4. e3 e6 5. d4 cxd4 6. exd4 b6 7. Bd3 Bb7 8. a3 d5 9. O-O Bd6 10. Nbd2 O-O 11. Ne5 Rc8 12. f4 Ne7 13. Qe2 Bb8 14. Rae1 Nf5 15. Kh1 Nd6 16. c4 Nde4 17. f5 exf5 18. Rxf5 g6 19. Rff1 Nxd2 20. Qxd2 Nh5 21. Qf2 f6 22. Ng4 Nf4 23. Bc2 dxc4 24. Ne3 c3 25. Bc1 Qxd4 26. Rd1 Qe5 27. Kg1 Ne2+ 28. Qxe2 Qxh2+ 29. Kf2 Bg3# 0-1


[Site "https://www.chess.com"]

[Event "Titled Tuesday Blitz March 07 Late 2023"]
[White "Taboas Rodriguez, Daniel"]
[Black "Samsonkin, Artiom"]
[WhiteFideId "2208466"]
[BlackFideId "13503111"]
[WhiteElo "2365"]
[BlackElo "2524"]
[Result "1-0"]
[Round "02"]
[TimeControl "180+2"]
[Date "2023.03.07"]
[WhiteClock "0:00:41"]
[BlackClock "0:00:02"]

1. d4 Nf6 2. Nf3 g6 3. c4 Bg7 4. Nc3 O-O 5. e4 d6 6. Be2 e5 7. dxe5 dxe5 8. Qxd8 Rxd8 9. Bg5 Re8 10. Nd5 Nxd5 11. cxd5 c6 12. Bc4 h6 13. Be3 cxd5 14. Bxd5 Nd7 15. Nd2 Nf6 16. Bb3 Be6 17. Ke2 Bxb3 18. axb3 a6 19. Rhc1 Rec8 20. f3 Bf8 21. Nc4 Nd7 22. Rd1 Rc7 23. Rd5 b5 24. Rxd7 Rxd7 25. Nb6 Rdd8 26. Nxa8 Rxa8 27. Rc1 a5 28. Rc7 a4 29. bxa4 bxa4 30. Rb7 h5 31. h3 h4 32. Bg5 Rc8 33. Kd2 Rc6 34. Bxh4 Bh6+ 35. Kd3 Rd6+ 36. Kc3 Rd2 37. Bf6 Kh7 38. Rb8 1-0


[Site "https://www.chess.com"]

[Event "Titled Tuesday Blitz March 07 Late 2023"]
[White "Movahed, Sina"]
[Black "Maiti, Milind"]
[WhiteFideId "42520835"]
[BlackFideId "2090767"]
[WhiteElo "2225"]
[BlackElo "2150"]
[Result "1-0"]
[Round "02"]
[TimeControl "180+2"]
[Date "2023.03.07"]
[WhiteClock "0:00:08"]
[BlackClock "0:00:17"]

1. e4 e5 2. Nf3 Nf6 3. Nxe5 d6 4. Nf3 Nxe4 5. d4 d5 6. Bd3 Bd6 7. O-O O-O 8. c4 c6 9. Nc3 Nxc3 10. bxc3 dxc4 11. Bxc4 Bf5 12. Bg5 Qa5 13. Re1 Nd7 14. Qd2 Rae8 15. h3 Be4 16. Nh2 Nb6 17. Bb3 Bd5 18. Ng4 Nc4 19. Qc2 Bxg2 20. Kxg2 Qxg5 21. Bxc4 h5 22. Re4 Rxe4 23. Qxe4 hxg4 24. hxg4 g6 25. Rh1 Kg7 26. Be2 Qd8 27. Qe3 Re8 28. Qh6+ Kf6 29. Bc4 Qd7 30. Qh4+ Kg7 31. Qh6+ Kf6 32. Kf3 Ke7 33. Qg5+ f6 34. Rh7+ Kd8 35. Rxd7+ 1-0


[Site "https://www.chess.com"]

[Event "Titled Tuesday Blitz March 07 Late 2023"]
[White "Defend, Balint"]
[Black "Zhigalko, Sergei"]
[WhiteFideId "17004853"]
[BlackFideId "13502956"]
[WhiteElo "2544"]
[BlackElo "2626"]
[Result "0-1"]
[Round "02"]
[TimeControl "180+2"]
[Date "2023.03.07"]
[WhiteClock "0:00:27"]
[BlackClock "0:01:28"]

1. e4 c5 2. Nf3 Nc6 3. Bb5 Nf6 4. e5 Nd5 5. c4 Nc7 6. Ba4 g6 7. O-O Bg7 8. Re1 O-O 9. d3 b6 10. Bf4 Bb7 11. d4 cxd4 12. Nxd4 Nxd4 13. Qxd4 Ne6 14. Qe3 Rc8 15. Na3 Nxf4 16. Qxf4 d6 17. exd6 Qxd6 18. Qxd6 exd6 19. Rab1 d5 20. Re7 Ba8 21. b3 a5 22. Rd1 Rfd8 23. h3 Bf8 24. Rd7 Bxa3 25. cxd5 Rxd7 26. Bxd7 Rd8 0-1


[Site "https://www.chess.com"]

[Event "Titled Tuesday Blitz March 07 Late 2023"]
[White "Remizov, Yaroslav"]
[Black "Krishnan, Varun"]
[WhiteFideId "34134015"]
[BlackFideId "5054508"]
[WhiteElo "2408"]
[BlackElo "2544"]
[Result "1-0"]
[Round "02"]
[TimeControl "180+2"]
[Date "2023.03.07"]
[WhiteClock "0:00:05"]
[BlackClock "0:00:04"]

1. e4 c5 2. Nf3 d6 3. d4 cxd4 4. Nxd4 Nf6 5. Nc3 Nc6 6. Be2 e5 7. Nb3 Be7 8. O-O O-O 9. Be3 a5 10. a4 Nb4 11. Nd5 Nfxd5 12. exd5 Bf5 13. Rc1 Na2 14. Ra1 Nb4 15. Rc1 Na2 16. Rb1 Rc8 17. c3 Rxc3 18. bxc3 Nxc3 19. Qd2 Nxb1 20. Qb2 Bg5 21. Rxb1 Bxb1 22. Qxb1 Bxe3 23. fxe3 Qb6 24. Kf2 Qb4 25. Bb5 f5 26. Qc2 f4 27. e4 b6 28. Ke2 h6 29. Qc4 Qxc4+ 30. Bxc4 g5 31. Bb5 g4 32. Nd2 h5 33. Nc4 h4 34. Nxd6 f3+ 35. gxf3 Rxf3 36. Nf5 h3 37. d6 1-0


[Site "https://www.chess.com"]

[Event "Titled Tuesday Blitz March 07 Late 2023"]
[White "Reprintsev, Alexander"]
[Black "Corrales Jimenez, Fidel"]
[WhiteFideId "14100541"]
[BlackFideId "3506690"]
[WhiteElo "2229"]
[BlackElo "2541"]
[Result "0-1"]
[Round "02"]
[TimeControl "180+2"]
[Date "2023.03.07"]
[WhiteClock "0:00:12"]
[BlackClock "0:02:03"]

1. e4 c5 2. b3 Nc6 3. Bb2 d6 4. f4 Nf6 5. Qf3 g6 6. e5 dxe5 7. fxe5 Nd4 8. Bb5+ Nxb5 9. exf6 Nd4 10. Bxd4 Qxd4 11. Nc3 Qxf6 12. O-O-O Qxf3 13. Nxf3 e6 14. Nb5 Ke7 15. Rhf1 a6 16. Na3 b5 17. Ng5 f5 18. c4 b4 19. Nc2 Bh6 20. Nf3 Bb7 21. Rde1 Bxf3 22. Rxf3 Rad8 23. Re2 Kf6 24. Kd1 e5 25. h3 Rd7 26. g4 Rhd8 27. gxf5 Rxd2+ 0-1


[Site "https://www.chess.com"]

[Event "Titled Tuesday Blitz March 07 Late 2023"]
[White "Yuan, Qingyu"]
[Black "Pert, Richard G"]
[WhiteFideId "8609772"]
[BlackFideId "404748"]
[WhiteElo "2359"]
[BlackElo "2441"]
[Result "1-0"]
[Round "02"]
[TimeControl "180+2"]
[Date "2023.03.07"]
[WhiteClock "0:00:07"]
[BlackClock "0:00:01"]

1. e4 g6 2. d4 Bg7 3. Nc3 c6 4. f4 d5 5. e5 Nh6 6. Be2 f6 7. Be3 O-O 8. Qd2 Bg4 9. Nf3 Nd7 10. O-O Nf5 11. h3 Nxe3 12. Qxe3 Bxf3 13. Rxf3 fxe5 14. fxe5 Rxf3 15. Bxf3 e6 16. Bg4 Qe7 17. Ne2 h5 18. Bf3 Kh7 19. c3 Rf8 20. Rf1 Bh6 21. Qd3 Qg5 22. g3 h4 23. Bg4 Rxf1+ 24. Kxf1 Nf8 25. gxh4 Qxh4 26. Qf3 Kg7 27. Ng3 Qg5 28. Ne2 Qh4 29. Kg2 Qg5 30. Qf2 Qe7 31. Ng1 Qf7 32. Nf3 Qf4 33. Qh4 Qf7 34. Qd8 a5 35. Qxa5 Be3 36. Qd8 g5 37. a4 Bc1 38. Nxg5 Qf4 39. Qe7+ Kg6 40. Nf3 Qf7 41. Nh4+ Kg7 42. Qxf7+ Kxf7 43. b4 Bd2 44. b5 Bxc3 45. Nf3 cxb5 46. axb5 Nd7 47. Ng5+ Ke7 48. Nxe6 Nb6 49. Kf3 Nc4 50. Ke2 Na3 51. b6 Nc4 52. Kd3 Ba5 53. Nf4 Nxb6 54. Bf3 Be1 55. Nxd5+ Nxd5 56. Bxd5 b6 57. Bc6 Bg3 58. Ke4 Bh2 59. d5 Bg3 60. d6+ Ke6 61. Bd5+ Kd7 62. Bc4 Kc6 63. Bd5+ Kd7 64. Bb7 Ke6 65. Bc8+ Kf7 66. Kd5 b5 67. Bf5 b4 68. Bc2 Bf2 69. e6+ 1-0


[Site "https://www.chess.com"]

[Event "Titled Tuesday Blitz March 07 Late 2023"]
[White "Kavutskiy, Konstantin"]
[Black "Krzyzanowski, Marcin"]
[WhiteFideId "2026384"]
[BlackFideId "1132199"]
[WhiteElo "2369"]
[BlackElo "2471"]
[Result "0-1"]
[Round "02"]
[TimeControl "180+2"]
[Date "2023.03.07"]
[WhiteClock "0:00:05"]
[BlackClock "0:00:08"]

1. d4 Nf6 2. Bg5 d5 3. Nd2 c5 4. e3 cxd4 5. exd4 Nc6 6. c3 g6 7. Bxf6 exf6 8. Ne2 Bg7 9. g3 O-O 10. Bg2 Re8 11. O-O g5 12. Re1 h5 13. Nf1 f5 14. Ne3 Be6 15. Qd3 Qd7 16. f4 g4 17. Nc1 Ne7 18. Qc2 Rac8 19. Qb3 b6 20. Nd3 Qd6 21. a3 h4 22. Qb4 Qd8 23. Ne5 h3 24. Bf1 Bxe5 25. dxe5 Nc6 26. Qa4 Qd7 27. Bb5 a6 28. Bxc6 Rxc6 29. Nc2 d4 30. Qxd4 Qb7 31. Qf2 Rd8 32. Nd4 Rc5 33. Rad1 Rcd5 34. Rd2 b5 35. Red1 a5 36. b4 axb4 37. axb4 Rc8 38. Qe3 Rc4 39. Nxe6 fxe6 40. Rxd5 exd5 41. Rd2 d4 42. Qd3 Rxc3 43. Qxd4 Rc1+ 44. Kf2 Qf3# 0-1


[Site "https://www.chess.com"]